[Event "39th Olympiad Khanty-Mansiysk 2010"]
[Site "Khanty-Mansiysk/Russia"]
[Date "2010.09.22"]
[Round "1"]
[White "Mazariego-K, Carolina"]
[Black "Al-Khelaifi, Salama"]
[Result "0-1"]
[WhiteElo "2086"]
[BlackElo "1736"]
[PlyCount "106"]
[EventDate "2010.??.??"]
[WhiteTeam "Guatemala"]
[BlackTeam "Qatar"]
[WhiteTeamCountry "GUA"]
[BlackTeamCountry "QAT"]
[TimeControl "40/5400+30:1800+30"]

1. d4 d5 2. e3 Bf5 3. c4 e6 4. Qb3 b6 5. Nc3 Nf6 6. Nf3 Be7 7. Bd2 O-O 8. Rc1
Nc6 9. cxd5 Na5 10. Qa4 exd5 11. Nb5 c6 12. Na3 Bd7 13. Ne5 Be8 14. b4 Nc4 15.
Bxc4 dxc4 16. Nxc6 Bxc6 17. Qxc6 Rc8 18. Qf3 Nd5 19. Rxc4 Nxb4 20. O-O Nxa2 21.
Ra4 Qd7 22. Qd1 Nc3 23. Bxc3 Rxc3 24. Nb1 Rc7 25. Nd2 Rfc8 26. Ra1 Rc2 27. Nf3
f6 28. e4 a5 29. h3 Bb4 30. Ne1 R2c4 31. Qb3 Qxd4 32. Nf3 Qxe4 33. Rfe1 Bxe1
34. Rxe1 Qc2 35. Qb5 Qg6 36. Qxb6 a4 37. Re7 h6 38. Nh4 Rc1+ 39. Kh2 Qb1 40.
Qe6+ Kh8 41. Qf7 Rh1+ 42. Kg3 Qb3+ 43. Qxb3 axb3 44. Rb7 Rb1 45. Nf5 b2 46.
Nxg7 Rg8 47. Kh4 Rxg7 48. Rb8+ Kh7 49. g4 Rc7 50. f4 Rc2 51. Rb7+ Kg8 52. Kh5
Rbc1 53. Rb8+ Kf7 0-1

[Event "39th Olympiad Khanty-Mansiysk 2010"]
[Site "Khanty-Mansiysk/Russia"]
[Date "2010.09.22"]
[Round "1"]
[White "Tsang, Hon Ki"]
[Black "Mas, Hafizulhelmi"]
[Result "0-1"]
[WhiteElo "2085"]
[BlackElo "2422"]
[PlyCount "125"]
[EventDate "2010.??.??"]
[WhiteTeam "Hong Kong"]
[BlackTeam "Malaysia"]
[WhiteTeamCountry "HKG"]
[BlackTeamCountry "MAS"]
[TimeControl "40/5400+30:1800+30"]

1. Nf3 c5 2. c4 g6 3. g3 Bg7 4. Bg2 Nc6 5. Nc3 a6 6. O-O Rb8 7. d3 b5 8. Bf4 d6
9. Ng5 Bd7 10. cxb5 axb5 11. Qb3 Nh6 12. Nce4 O-O 13. Nf3 Nf5 14. e3 c4 15.
dxc4 bxc4 16. Qxc4 Na5 17. Qc2 Rxb2 18. Qc1 Rb4 19. g4 Rxe4 20. gxf5 Rc4 21.
Qd1 Ba4 22. Qe1 gxf5 23. Rc1 Bb5 24. Qd2 Qb6 25. Rxc4 Bxc4 26. Rc1 Rb8 27. Bg5
e6 28. Rd1 Bd5 29. Bf4 Nc4 30. Qc1 Qa6 31. Nd2 Bb2 32. Qc2 Na3 33. Qc7 Rc8 34.
Qd7 Bxg2 35. Kxg2 Qc6+ 36. Qxc6 Rxc6 37. Bh6 f6 38. Kf3 Rc1 39. Rxc1 Bxc1 40.
Nb3 Bb2 41. Ke2 e5 42. Kd3 Kf7 43. Na5 Ke6 44. Bf8 e4+ 45. Ke2 Be5 46. h3 f4
47. f3 f5 48. Nb3 Nb5 49. exf4 Bxf4 50. Bg7 Be5 51. Bxe5 Kxe5 52. fxe4 fxe4 53.
Kd2 Nd4 54. Na5 d5 55. a4 Kf4 56. Nb7 Kf3 57. Nc5 e3+ 58. Kc3 Nc6 59. Nd3 Kg3
60. a5 Kxh3 61. Nf4+ Kg3 62. Nxd5 Kf2 63. a6 0-1

[Event "39th Olympiad Khanty-Mansiysk 2010"]
[Site "Khanty-Mansiysk/Russia"]
[Date "2010.09.22"]
[Round "1"]
[White "Hegarty, Sarah N"]
[Black "Bajt, Indira"]
[Result "1-0"]
[WhiteElo "2084"]
[BlackElo "2204"]
[PlyCount "119"]
[EventDate "2010.??.??"]
[WhiteTeam "England"]
[BlackTeam "Slovenia"]
[WhiteTeamCountry "ENG"]
[BlackTeamCountry "SLO"]
[TimeControl "40/5400+30:1800+30"]

1. e4 c5 2. Nf3 e6 3. d4 cxd4 4. Nxd4 a6 5. Nc3 Qc7 6. Bd3 Nf6 7. Be3 Bb4 8.
Qd2 d5 9. exd5 Nxd5 10. Nde2 Nxe3 11. Qxe3 Be7 12. O-O Nd7 13. Ne4 Nc5 14. Nxc5
Qxc5 15. Qf3 O-O 16. Nc3 f5 17. Rfe1 Kh8 18. Qf4 Bd6 19. Qc4 b5 20. Qxc5 Bxc5
21. Rad1 Kg8 22. a3 Kf7 23. b4 Bd4 24. Nb1 Bf6 25. c4 bxc4 26. Bxc4 Re8 27. Rd6
Ra7 28. Rc6 Ra8 29. h3 Bb2 30. Re2 Bd4 31. Nd2 Bb2 32. Nf3 Bxa3 33. Ng5+ Kf8
34. Bxe6 Bxe6 35. Nxe6+ Kg8 36. Rb6 Re7 37. Re3 Rae8 38. Rxa3 Rxe6 39. Raxa6
Re1+ 40. Kh2 R8e7 41. Ra5 g6 42. Kg3 Rb1 43. Rab5 Rb3+ 44. f3 Rb2 45. Rb8+ Kf7
46. R5b7 Rxb7 47. Rxb7+ Ke6 48. h4 Ke5 49. b5 Kd5 50. Rxh7 Rxb5 51. Rh6 Rb1 52.
Rxg6 Rh1 53. f4 Ra1 54. h5 Ra3+ 55. Kh4 Ke4 56. g3 Kf3 57. Rb6 Ra1 58. Rb3+ Ke4
59. Kg5 Rh1 60. h6 1-0

[Event "39th Olympiad Khanty-Mansiysk 2010"]
[Site "Khanty-Mansiysk/Russia"]
[Date "2010.09.22"]
[Round "1"]
[White "Rutherford, Elaine"]
[Black "Krifa, Nejla"]
[Result "1-0"]
[WhiteElo "2080"]
[BlackElo "1794"]
[PlyCount "31"]
[EventDate "2010.??.??"]
[WhiteTeam "Scotland"]
[BlackTeam "Tunisia"]
[WhiteTeamCountry "SCO"]
[BlackTeamCountry "TUN"]
[TimeControl "40/5400+30:1800+30"]

1. e4 c5 2. Nc3 d6 3. f4 g6 4. Nf3 Bg7 5. Bc4 e6 6. O-O Nc6 7. d3 Nge7 8. Qe1
a6 9. a4 Qc7 10. f5 exf5 11. exf5 Ne5 12. fxg6 fxg6 13. Nxe5 Bxe5 14. Bf7+ Kd7
15. Bg5 Qa5 16. Bxe7 1-0

[Event "39th Olympiad Khanty-Mansiysk 2010"]
[Site "Khanty-Mansiysk/Russia"]
[Date "2010.09.22"]
[Round "1"]
[White "Greeff, Melissa"]
[Black "Emad, Tania"]
[Result "1-0"]
[WhiteElo "2079"]
[BlackElo "1955"]
[PlyCount "55"]
[EventDate "2010.??.??"]
[WhiteTeam "South Africa"]
[BlackTeam "Jordan"]
[WhiteTeamCountry "RSA"]
[BlackTeamCountry "JOR"]
[TimeControl "40/5400+30:1800+30"]

1. e4 Nf6 2. e5 Nd5 3. d4 d6 4. c4 Nb6 5. exd6 exd6 6. Nc3 Be7 7. Bd3 Nc6 8.
Nge2 O-O 9. O-O Re8 10. a3 Bf6 11. Bc2 g6 12. b3 a5 13. Be3 Ne7 14. Ne4 Bg7 15.
Bg5 Nd7 16. Rc1 f5 17. Nf4 Nf8 18. Nf6+ Bxf6 19. Bxf6 Qd7 20. d5 Kf7 21. Qd4
Ng8 22. Bh8 Re5 23. Nd3 Qe7 24. Bxe5 dxe5 25. Nxe5+ Ke8 26. Rfe1 Qxa3 27. Nxg6+
Kf7 28. Nh8# 1-0

[Event "39th Olympiad Khanty-Mansiysk 2010"]
[Site "Khanty-Mansiysk/Russia"]
[Date "2010.09.22"]
[Round "1"]
[White "Chinasamy, Devarajen"]
[Black "Thompson, Edward Nii Lamp"]
[Result "1-0"]
[WhiteElo "2077"]
[BlackElo "1831"]
[PlyCount "64"]
[EventDate "2010.??.??"]
[WhiteTeam "Mauritius"]
[BlackTeam "Ghana"]
[WhiteTeamCountry "MRI"]
[BlackTeamCountry "GHA"]
[TimeControl "40/5400+30:1800+30"]

1. e4 e5 2. Nf3 Nc6 3. d4 exd4 4. Bc4 Nf6 5. e5 d5 6. Bb5 Ne4 7. Nxd4 Bd7 8.
Bxc6 bxc6 9. O-O Be7 10. f3 Ng5 11. f4 Ne4 12. Nd2 Nxd2 13. Bxd2 O-O 14. Qf3 c5
15. Nb3 Bf5 16. c3 Be4 17. Qf2 c4 18. Nc5 Bf5 19. Be3 c6 20. h3 Rb8 21. b4 cxb3
22. axb3 a5 23. Ra2 Rb5 24. Rfa1 Re8 25. c4 Rb4 26. Bd2 Bxc5 27. Qxc5 Rxb3 28.
Bxa5 Qd7 29. Be1 Be4 30. Ra8 Reb8 31. Bb4 Qc8 32. Qxc6 Qd8 1-0

[Event "39th Olympiad Khanty-Mansiysk 2010"]
[Site "Khanty-Mansiysk/Russia"]
[Date "2010.09.22"]
[Round "1"]
[White "De Rosa, Mariagrazia"]
[Black "Orbezo, Rosales Ximena Lu"]
[Result "1-0"]
[WhiteElo "2073"]
[BlackElo "1836"]
[PlyCount "59"]
[EventDate "2010.??.??"]
[WhiteTeam "Italy"]
[BlackTeam "Peru"]
[WhiteTeamCountry "ITA"]
[BlackTeamCountry "PER"]
[TimeControl "40/5400+30:1800+30"]

1. e4 e5 2. Nf3 Nc6 3. Bb5 a6 4. Ba4 Nf6 5. O-O Be7 6. Re1 b5 7. Bb3 d6 8. c3
Na5 9. Bc2 c5 10. d4 cxd4 11. cxd4 Bb7 12. Nbd2 Nc6 13. Nb3 a5 14. a4 bxa4 15.
Rxa4 Nb4 16. Nxa5 Nxc2 17. Nxb7 Qb8 18. Rxa8 Qxa8 19. Nxd6+ Bxd6 20. Qxc2 Nd7
21. dxe5 Nxe5 22. Nxe5 Bxe5 23. Qc5 Qb8 24. f4 Bd6 25. Qc6+ Kf8 26. Be3 f6 27.
Ra1 Kf7 28. Ra7+ Kg6 29. f5+ Kh5 30. e5 1-0

[Event "39th Olympiad Khanty-Mansiysk 2010"]
[Site "Khanty-Mansiysk/Russia"]
[Date "2010.09.22"]
[Round "1"]
[White "Shabanaj, Eglantina"]
[Black "Vilhete, Vania Fausto Da"]
[Result "1/2-1/2"]
[WhiteElo "2070"]
[BlackElo "1723"]
[PlyCount "81"]
[EventDate "2010.??.??"]
[WhiteTeam "Albania"]
[BlackTeam "Mozambique"]
[WhiteTeamCountry "ALB"]
[BlackTeamCountry "MOZ"]
[TimeControl "40/5400+30:1800+30"]

1. d4 d5 2. c4 c6 3. Nf3 Nf6 4. Nc3 e6 5. Bg5 Be7 6. cxd5 exd5 7. e3 O-O 8. Bd3
h6 9. Bxf6 Bxf6 10. O-O Re8 11. Rc1 Bg4 12. h3 Bh5 13. g4 Bg6 14. Bxg6 fxg6 15.
Qd3 g5 16. Kg2 Nd7 17. Rh1 Nf8 18. Ne2 Rc8 19. Ng3 Qd7 20. Nh5 Bd8 21. Ne5 Qe6
22. f4 Nh7 23. Rhf1 Bf6 24. fxg5 Bxe5 25. dxe5 Nxg5 26. Nf6+ gxf6 27. Qg6+ Kh8
28. Qxh6+ Nh7 29. exf6 Rc7 30. f7 Qe4+ 31. Kg3 Rf8 32. Rf5 Rcxf7 33. Rcf1 Rxf5
34. Rxf5 Rxf5 35. gxf5 Qxf5 36. Qd6 Qg5+ 37. Kh2 Qxe3 38. Qb8+ Kg7 39. Qxb7+
Kg8 40. Qxc6 Qf2+ 41. Kh1 1/2-1/2

[Event "39th Olympiad Khanty-Mansiysk 2010"]
[Site "Khanty-Mansiysk/Russia"]
[Date "2010.09.22"]
[Round "1"]
[White "Gutierrez, Leonela"]
[Black "Ohme, Melanie"]
[Result "0-1"]
[WhiteElo "2062"]
[BlackElo "2311"]
[PlyCount "80"]
[EventDate "2010.??.??"]
[WhiteTeam "Venezuela"]
[BlackTeam "Germany"]
[WhiteTeamCountry "VEN"]
[BlackTeamCountry "GER"]
[TimeControl "40/5400+30:1800+30"]

1. e4 c5 2. Nf3 Nc6 3. d4 cxd4 4. Nxd4 Nf6 5. Nc3 d6 6. Be2 e5 7. Nf3 h6 8. O-O
Be7 9. h3 Be6 10. Re1 O-O 11. Be3 a6 12. Qd2 b5 13. a3 Rc8 14. Red1 Na5 15. Nd5
Nxd5 16. exd5 Bf5 17. Rac1 Nc4 18. Bxc4 bxc4 19. b3 c3 20. Qe2 Qa5 21. Ne1 Bd7
22. a4 f5 23. f4 Bf6 24. Nf3 Rfe8 25. Qf2 Qb4 26. Ne1 exf4 27. Qxf4 Re4 28. Qf3
Rce8 29. Nd3 Qb7 30. Bf4 Qb6+ 31. Kh1 Bh4 32. Rf1 Re2 33. Qh5 Bf6 34. Qg6 Qd4
35. Rcd1 Qe4 36. Bxd6 Bg5 37. Rf2 Rxf2 38. Nxf2 Qxc2 39. Bc5 Qxb3 40. Rf1 Qc4
0-1

[Event "39th Olympiad Khanty-Mansiysk 2010"]
[Site "Khanty-Mansiysk/Russia"]
[Date "2010.09.22"]
[Round "1"]
[White "Fesalbon, Rolando"]
[Black "Latorre, Manuel"]
[Result "0-1"]
[WhiteElo "2061"]
[BlackElo "2284"]
[PlyCount "82"]
[EventDate "2010.??.??"]
[WhiteTeam "Macau"]
[BlackTeam "Paraguay"]
[WhiteTeamCountry "MAC"]
[BlackTeamCountry "PAR"]
[TimeControl "40/5400+30:1800+30"]

1. d4 Nf6 2. c4 g6 3. Nc3 Bg7 4. e4 d6 5. Nf3 O-O 6. Be2 e5 7. dxe5 dxe5 8.
Qxd8 Rxd8 9. Bg5 Re8 10. Rd1 Na6 11. Bxf6 Bxf6 12. Nd5 Bd8 13. O-O c6 14. Nc3
Bf6 15. a3 Nc7 16. b4 Ne6 17. Bd3 a5 18. b5 Nc5 19. Bc2 Bg4 20. Na4 Bxf3 21.
gxf3 Ne6 22. Rd7 Re7 23. Nb6 Rxd7 24. Nxd7 Kg7 25. bxc6 bxc6 26. Rb1 Nd4 27.
Bd1 Ra7 28. Nb8 Be7 29. Ba4 Rc7 30. Na6 Ra7 31. Nb8 Rc7 32. Na6 Rc8 33. f4 exf4
34. Rb7 Bxa3 35. c5 Re8 36. f3 Nxf3+ 37. Kf2 Nd4 38. Bb3 Rxe4 39. Bxf7 Re2+ 40.
Kg1 Kf6 41. Bg8 Bc1 0-1

[Event "39th Olympiad Khanty-Mansiysk 2010"]
[Site "Khanty-Mansiysk/Russia"]
[Date "2010.09.22"]
[Round "1"]
[White "Dedijer, Sanja"]
[Black "Galliamova, Alisa"]
[Result "1-0"]
[WhiteElo "2055"]
[BlackElo "2482"]
[PlyCount "87"]
[EventDate "2010.??.??"]
[WhiteTeam "Bosnia  Herzegovina"]
[BlackTeam "RU1"]
[WhiteTeamCountry "BIH"]
[TimeControl "40/5400+30:1800+30"]

1. d4 d5 2. c4 e6 3. Nc3 c6 4. Nf3 dxc4 5. a4 Bb4 6. Bd2 a5 7. e4 b5 8. axb5
Bxc3 9. Bxc3 cxb5 10. d5 Nf6 11. Bxf6 Qxf6 12. Qd4 O-O 13. Be2 Nd7 14. e5 Qg6
15. O-O Bb7 16. Nh4 Qg5 17. dxe6 Nxe5 18. f4 Qxh4 19. Qxe5 fxe6 20. Qxe6+ Rf7
21. Qb6 Qe7 22. Bg4 Kh8 23. Qxb5 Qe3+ 24. Kh1 Raf8 25. f5 Qe4 26. Bf3 Rxf5 27.
Qd7 Bc6 28. Qd6 Qe8 29. Rfe1 Be4 30. Rxe4 Qxe4 31. Qxf8+ Rxf8 32. Bxe4 Rf2 33.
Rb1 g6 34. h3 Kg7 35. Kg1 Rd2 36. Kf1 Kf6 37. Ke1 Rd6 38. Ke2 Rb6 39. Kd2 Ke5
40. Bf3 Kd4 41. Kc2 Kc5 42. Re1 h6 43. Re7 Kb4 44. Rb7 1-0

[Event "39th Olympiad Khanty-Mansiysk 2010"]
[Site "Khanty-Mansiysk/Russia"]
[Date "2010.09.22"]
[Round "1"]
[White "Volpinari, Danilo"]
[Black "Samhouri, Bilal"]
[Result "0-1"]
[WhiteElo "2054"]
[BlackElo "2269"]
[PlyCount "82"]
[EventDate "2010.??.??"]
[WhiteTeam "San Marino"]
[BlackTeam "Jordan"]
[WhiteTeamCountry "SMR"]
[BlackTeamCountry "JOR"]
[TimeControl "40/5400+30:1800+30"]

1. d4 Nf6 2. Bg5 d5 3. Nf3 Ne4 4. h4 c5 5. dxc5 f6 6. Bc1 e5 7. e3 Bxc5 8. c3
Nc6 9. Nbd2 Nxd2 10. Bxd2 Be6 11. Qc2 Qd7 12. O-O-O Rc8 13. Bb5 a6 14. Bxc6
Rxc6 15. h5 Bf5 16. Qa4 Bxe3 17. Qb3 Bc5 18. Be1 Be6 19. Rh4 O-O 20. Qc2 Rd8
21. Qd2 Bf5 22. Rh1 Bg4 23. Kb1 e4 24. Nd4 Bxd4 25. Qxd4 Bxd1 26. Qxd1 d4 27.
cxd4 Qxd4 28. Qb3+ Kh8 29. Bc3 Qd3+ 30. Qc2 Qxc2+ 31. Kxc2 Rd5 32. Rh4 Re6 33.
h6 g6 34. Rf4 Rf5 35. Rxf5 gxf5 36. Bd2 Kg8 37. Bf4 Kf7 38. g3 Kg6 39. Kd2 Kh5
40. Kc2 Kg4 41. Kd2 Kf3 0-1

[Event "39th Olympiad Khanty-Mansiysk 2010"]
[Site "Khanty-Mansiysk/Russia"]
[Date "2010.09.22"]
[Round "1"]
[White "Wasim, Akram"]
[Black "Lebrun, Piersont"]
[Result "1-0"]
[WhiteElo "2054"]
[BlackElo "1956"]
[PlyCount "70"]
[EventDate "2010.??.??"]
[WhiteTeam "Pakistan"]
[BlackTeam "Haiti"]
[WhiteTeamCountry "PAK"]
[BlackTeamCountry "HAI"]
[TimeControl "40/5400+30:1800+30"]

1. d4 Nf6 2. c4 e6 3. Nc3 d5 4. cxd5 exd5 5. Bg5 Be7 6. Qc2 O-O 7. e3 Nbd7 8.
Bd3 c6 9. Nf3 Re8 10. O-O h6 11. Bf4 Nf8 12. Rae1 Bd6 13. Ne5 Ng4 14. Nf3 Nf6
15. Bxd6 Qxd6 16. Ne5 Be6 17. f4 Rad8 18. Kh1 Bc8 19. h3 Qe7 20. Qa4 Nh5 21.
Kh2 Qh4 22. Ne2 Nd7 23. Qxa7 Nxe5 24. fxe5 g5 25. Kg1 g4 26. hxg4 Qxg4 27. Nf4
Ng3 28. Rf3 Qh4 29. Ne2 Nxe2+ 30. Rxe2 Bg4 31. Rf4 Qg3 32. Ref2 Re7 33. Qa5
Rdd7 34. Qe1 Qh4 35. Bf5 Qg5 1-0

[Event "39th Olympiad Khanty-Mansiysk 2010"]
[Site "Khanty-Mansiysk/Russia"]
[Date "2010.09.22"]
[Round "1"]
[White "Grassi, Enrico"]
[Black "Samhouri, Ahmad Fawzi"]
[Result "0-1"]
[WhiteElo "2053"]
[BlackElo "2372"]
[PlyCount "86"]
[EventDate "2010.??.??"]
[WhiteTeam "San Marino"]
[BlackTeam "Jordan"]
[WhiteTeamCountry "SMR"]
[BlackTeamCountry "JOR"]
[TimeControl "40/5400+30:1800+30"]

1. e4 c5 2. Nf3 d6 3. d4 cxd4 4. Nxd4 Nf6 5. Nc3 a6 6. f3 Qb6 7. Nb3 e6 8. Qd3
Nc6 9. Be3 Qc7 10. O-O-O b5 11. Kb1 Bb7 12. Qd2 Ne5 13. Bxb5+ axb5 14. Nxb5 Qd7
15. Nxd6+ Bxd6 16. Qxd6 Qxd6 17. Rxd6 Nc4 18. Rd3 Nxe3 19. Rxe3 Ke7 20. Rd3 g5
21. Rhd1 Rac8 22. Rd4 Rc7 23. Na5 Ba8 24. b3 h5 25. R1d2 h4 26. Nc4 h3 27. g4
Nd7 28. Kb2 Bb7 29. Rd6 Rh6 30. a4 Bc6 31. a5 Rh8 32. Rd1 Bb5 33. Nb6 Ne5 34.
c4 Bc6 35. a6 Nxf3 36. a7 Bxe4 37. Rd7+ Rxd7 38. Rxd7+ Kf6 39. Rc7 Nxh2 40. c5
Nxg4 41. c6 h2 42. Nc8 h1=Q 43. a8=Q Qh2+ 0-1

[Event "39th Olympiad Khanty-Mansiysk 2010"]
[Site "Khanty-Mansiysk/Russia"]
[Date "2010.09.22"]
[Round "1"]
[White "Da Silva, John"]
[Black "Samakov, Nurdin"]
[Result "0-1"]
[WhiteElo "2027"]
[BlackElo "2356"]
[PlyCount "54"]
[EventDate "2010.??.??"]
[WhiteTeam "Netherlands Antilles"]
[BlackTeam "Kyrgyzstan"]
[WhiteTeamCountry "AHO"]
[BlackTeamCountry "KGZ"]
[TimeControl "40/5400+30:1800+30"]

1. e4 c5 2. Nf3 d6 3. d4 cxd4 4. Nxd4 Nf6 5. Nc3 a6 6. a4 e6 7. Bg5 Be7 8. Qd2
Qc7 9. Be2 Nbd7 10. O-O b6 11. Rfb1 Bb7 12. f3 h6 13. Be3 O-O 14. Kh1 Ne5 15.
Rf1 Rfd8 16. Bd3 d5 17. exd5 Nxd5 18. Nxd5 Bxd5 19. Be2 Nc4 20. Bxc4 Bxc4 21.
Qf2 Bxf1 22. Rxf1 Bc5 23. c3 e5 24. Nf5 Qd7 25. Nxh6+ gxh6 26. Qg3+ Kh7 27. Bc1
Qf5 0-1

[Event "39th Olympiad Khanty-Mansiysk 2010"]
[Site "Khanty-Mansiysk/Russia"]
[Date "2010.09.22"]
[Round "1"]
[White "Jorgensen, Carina Eilegaa"]
[Black "Bensdorp, Marlies"]
[Result "0-1"]
[WhiteElo "2025"]
[BlackElo "2288"]
[PlyCount "102"]
[EventDate "2010.??.??"]
[WhiteTeam "Denmark"]
[BlackTeam "Netherlands"]
[WhiteTeamCountry "DEN"]
[BlackTeamCountry "NED"]
[TimeControl "40/5400+30:1800+30"]

1. d4 d5 2. c4 c6 3. cxd5 cxd5 4. Nc3 Nf6 5. h3 Nc6 6. Nf3 Bf5 7. Nh4 Be4 8. e3
e6 9. Nf3 Bd6 10. Nxe4 Nxe4 11. Bd3 f5 12. O-O O-O 13. Bb5 Rc8 14. Nd2 Qb6 15.
Nxe4 fxe4 16. a4 a6 17. Bxc6 Rxc6 18. a5 Qc7 19. Bd2 Qe7 20. Bc3 Bb8 21. f4
exf3 22. Rxf3 Rcc8 23. Qf1 Qd6 24. Kf2 Rxf3+ 25. gxf3 Qg3+ 26. Ke2 Bd6 27. Re1
Rf8 28. f4 Rf6 29. Qf3 Qg6 30. Kd2 Qf5 31. Rg1 Rh6 32. Rg4 Qb1 33. Qg2 Bf8 34.
Rg5 Rf6 35. h4 h6 36. Rg3 Kf7 37. Qf3 Qf5 38. Qg4 Qxg4 39. Rxg4 Rg6 40. Rxg6
Kxg6 41. Ke2 Kh5 42. Kf3 Kxh4 43. Be1+ Kh5 44. f5 Kg5 45. fxe6 Kf5 46. Bg3 Be7
47. e4+ dxe4+ 48. Ke2 Kxe6 49. Ke3 Kd5 50. Be5 Bg5+ 51. Ke2 Bf6 0-1

[Event "39th Olympiad Khanty-Mansiysk 2010"]
[Site "Khanty-Mansiysk/Russia"]
[Date "2010.09.22"]
[Round "1"]
[White "Isayeva, Aknur"]
[Black "Monteiro, Sara Cristina D"]
[Result "0-1"]
[WhiteElo "2025"]
[BlackElo "1818"]
[PlyCount "40"]
[EventDate "2010.??.??"]
[WhiteTeam "Turkmenistan"]
[BlackTeam "Portugal"]
[WhiteTeamCountry "TKM"]
[BlackTeamCountry "POR"]
[TimeControl "40/5400+30:1800+30"]

1. d4 Nf6 2. c4 e5 3. dxe5 Ng4 4. Nf3 Bc5 5. e3 Nc6 6. Be2 Ngxe5 7. Nbd2 O-O 8.
O-O Qe7 9. a3 b6 10. b4 Bd6 11. Nd4 f5 12. Qb3 Kh8 13. Nxc6 dxc6 14. f4 Ng4 15.
Bxg4 fxg4 16. Nb1 Bf5 17. Nc3 Rad8 18. Qa4 Bd3 19. Rf2 Bxf4 20. Nd1 Bxh2+ 0-1

[Event "39th Olympiad Khanty-Mansiysk 2010"]
[Site "Khanty-Mansiysk/Russia"]
[Date "2010.09.22"]
[Round "1"]
[White "Lacau-Rodean, Iulia"]
[Black "Saduakassova, Dinara"]
[Result "1/2-1/2"]
[WhiteElo "2024"]
[BlackElo "2142"]
[PlyCount "61"]
[EventDate "2010.??.??"]
[WhiteTeam "Canada"]
[BlackTeam "Kazakhstan"]
[WhiteTeamCountry "CAN"]
[BlackTeamCountry "KAZ"]
[TimeControl "40/5400+30:1800+30"]

1. e4 c5 2. Nf3 d6 3. d3 Nc6 4. g3 g6 5. Bg2 Bg7 6. O-O e5 7. c3 Nge7 8. Nh4
O-O 9. f4 exf4 10. gxf4 f5 11. Nd2 Be6 12. Ndf3 Kh8 13. Be3 Qd7 14. Ng5 Rae8
15. Nxe6 Qxe6 16. Re1 Qd7 17. Bh3 Qd8 18. exf5 Nxf5 19. Nxf5 gxf5 20. Qh5 Qf6
21. Bf2 Qg6+ 22. Qxg6 hxg6 23. Rxe8 Rxe8 24. Re1 Rxe1+ 25. Bxe1 Bh6 26. Bd2 Ne7
27. Bg2 b6 28. Kf2 Kg7 29. c4 Kf7 30. Kg3 Ke6 31. h4 1/2-1/2

[Event "39th Olympiad Khanty-Mansiysk 2010"]
[Site "Khanty-Mansiysk/Russia"]
[Date "2010.09.22"]
[Round "1"]
[White "De Seroux, Camille"]
[Black "Muzychuk, Mariya"]
[Result "0-1"]
[WhiteElo "2020"]
[BlackElo "2464"]
[PlyCount "76"]
[EventDate "2010.??.??"]
[WhiteTeam "Switzerland"]
[BlackTeam "Ukraine"]
[WhiteTeamCountry "SUI"]
[BlackTeamCountry "UKR"]
[TimeControl "40/5400+30:1800+30"]

1. e4 c5 2. Nf3 Nc6 3. d4 cxd4 4. Nxd4 Nf6 5. Nc3 e5 6. Ndb5 d6 7. Bg5 a6 8.
Na3 b5 9. Nd5 Be7 10. Bxf6 Bxf6 11. c3 Bg5 12. Nc2 Rb8 13. a4 bxa4 14. Ncb4
Nxb4 15. cxb4 O-O 16. Rxa4 a5 17. b5 Bd7 18. Nc3 Qb6 19. Bc4 Bd8 20. O-O Kh8
21. Qe2 Qc5 22. Rd1 Bb6 23. Bd5 Qc7 24. Rd3 Bd4 25. Rc4 Bc5 26. Rg3 Bxb5 27.
Nxb5 Rxb5 28. b3 Qb6 29. Qc2 Rb4 30. Rf3 a4 31. Rxb4 Qxb4 32. g3 a3 33. Qa2 f6
34. Kg2 Qd4 35. Re3 f5 36. Rf3 Bb4 37. Re3 f4 38. gxf4 exf4 0-1

[Event "39th Olympiad Khanty-Mansiysk 2010"]
[Site "Khanty-Mansiysk/Russia"]
[Date "2010.09.22"]
[Round "1"]
[White "Perera, W C C."]
[Black "Michiels, Bart"]
[Result "0-1"]
[WhiteElo "2016"]
[BlackElo "2459"]
[PlyCount "110"]
[EventDate "2010.??.??"]
[WhiteTeam "Sri Lanka"]
[BlackTeam "Belgium"]
[WhiteTeamCountry "SRI"]
[BlackTeamCountry "BEL"]
[TimeControl "40/5400+30:1800+30"]

1. e4 c5 2. Nf3 Nc6 3. d4 cxd4 4. Nxd4 e6 5. c4 Nf6 6. Nc3 Bb4 7. Nxc6 bxc6 8.
Bd3 e5 9. O-O Bc5 10. Rb1 d6 11. b4 Bb6 12. Bg5 O-O 13. Qf3 h6 14. Bxf6 Qxf6
15. Qxf6 gxf6 16. Rfd1 Be6 17. b5 Rfc8 18. bxc6 Rxc6 19. Nd5 Bxd5 20. exd5 Rc5
21. Rdc1 Rac8 22. Rc2 Ra5 23. g4 Rcc5 24. h3 Ra4 25. Rb5 Rxb5 26. cxb5 Rd4 27.
Bc4 Kg7 28. Kg2 f5 29. gxf5 Kf6 30. Bb3 Bc5 31. Rc4 Rd2 32. Rc2 Rd4 33. Rc3 Rd2
34. Rc2 Rd3 35. Rc1 h5 36. Rd1 Rc3 37. Rd2 Kxf5 38. Bd1 Kg5 39. a4 Ra3 40. f3
Ra1 41. Bc2 h4 42. Bb3 Kf4 43. Rc2 Rg1+ 44. Kh2 Rf1 45. a5 Rxf3 46. Bc4 Rf2+
47. Rxf2+ Bxf2 48. Kg2 Bc5 49. Be2 f5 50. Bh5 Ke3 51. Kf1 f4 52. Bg6 f3 53. Bf5
e4 54. Bg6 Kf4 55. Bh7 e3 0-1

[Event "39th Olympiad Khanty-Mansiysk 2010"]
[Site "Khanty-Mansiysk/Russia"]
[Date "2010.09.22"]
[Round "1"]
[White "Sihite, Chelsie Monica"]
[Black "Karavade, Eesha"]
[Result "0-1"]
[WhiteElo "2014"]
[BlackElo "2365"]
[PlyCount "98"]
[EventDate "2010.??.??"]
[WhiteTeam "Indonesia"]
[BlackTeam "India"]
[WhiteTeamCountry "INA"]
[BlackTeamCountry "IND"]
[TimeControl "40/5400+30:1800+30"]

1. e4 c5 2. Nf3 d6 3. d4 cxd4 4. Nxd4 Nf6 5. Nc3 a6 6. Be3 e5 7. Nb3 Be6 8. Qd2
Be7 9. f4 Qc7 10. O-O-O Nbd7 11. h3 b5 12. g4 Rc8 13. Rh2 h6 14. Kb1 Qb8 15.
Qg2 Nb6 16. Qf3 Nc4 17. Nd5 Bd8 18. Bg1 a5 19. Nd2 Bxd5 20. exd5 Nd7 21. Bd3
exf4 22. Re2+ Nde5 23. Bf5 Be7 24. Qf1 Nxd2+ 25. Rdxd2 Rd8 26. Bd4 O-O 27. Rd1
f3 28. Rh2 Bf6 29. h4 g6 30. g5 Bh8 31. Be4 Ng4 32. Rh1 Bxd4 33. Rxd4 Qb6 34.
c3 h5 35. Bxf3 b4 36. Bxg4 bxc3 37. Qf2 hxg4 38. b3 Rde8 39. Qg1 Re2 40. Rc4
Rb2+ 41. Ka1 Rxb3 42. Qxb6 Rxb6 43. Rxc3 Re8 44. Rd1 Re2 45. Rc8+ Kg7 46. Ra8
Rb5 47. Ra7 g3 48. h5 gxh5 49. g6 Rf2 0-1

[Event "39th Olympiad Khanty-Mansiysk 2010"]
[Site "Khanty-Mansiysk/Russia"]
[Date "2010.09.22"]
[Round "1"]
[White "Segarra, Choe Tammy"]
[Black "Milligan, Helen"]
[Result "1/2-1/2"]
[WhiteElo "2014"]
[BlackElo "2033"]
[PlyCount "70"]
[EventDate "2010.??.??"]
[WhiteTeam "Puerto Rico"]
[BlackTeam "New Zealand"]
[WhiteTeamCountry "PUR"]
[BlackTeamCountry "NZL"]
[TimeControl "40/5400+30:1800+30"]

1. d4 Nf6 2. c4 g6 3. Nc3 Bg7 4. e4 d6 5. Nf3 O-O 6. Be2 Nbd7 7. O-O e5 8. Re1
c6 9. d5 Qe7 10. Bf1 Ne8 11. b4 c5 12. a3 b6 13. Rb1 h6 14. bxc5 Nxc5 15. Be3
f5 16. Bxc5 bxc5 17. Qa4 Nf6 18. Bd3 f4 19. Qc6 Bd7 20. Rb7 Bxc6 21. Rxe7 Bd7
22. Nh4 Kh7 23. Rb1 Rab8 24. Nb5 a6 25. Nc3 Rxb1+ 26. Nxb1 Rb8 27. Kf1 Rb2 28.
f3 Rb3 29. Ke2 Rb2+ 30. Kd1 Rb7 31. Bc2 h5 32. Kc1 Ng8 33. Rf7 Nh6 34. Re7 Ng8
35. Rf7 Nh6 1/2-1/2